AoeStats
← JRazzz

Nomad

506152007Analyzed
4v4 RM · 20d ago on Sep 12, 2026· 28m 18s· 8 players
Game mode
Random Map
Map size
231×231
Population
200
Speed
Normal
Resources
Standard
Victory
Conquest
Starting age
Dark Age
Ending age
Imperial Age
RankedLock teamsTeams togetherTeam positionsShared explorationLock speedFull tech treeHidden civsTurbo modeCheats
Victory
Defeat
🇮🇳 Dravidians · India
1367
+13
🇨🇿 Berbers · Czechia
1339
+14
🇯🇵 Persians · Japan
1327
+15
🇫🇷 Muisca · France
1211
+19
🇹🇼 Teutons · Taiwan
1341
-17
🇨🇳 Vietnamese · China
1297
-15
🇬🇧 Koreans · United Kingdom
1286
-15
🇦🇺 Dravidians · Australia
1268
-14
The Long Dark
8:01 Loom
15:24 Feudal Age
16:57 Double-Bit Axe
19:41 Castle Age
19:28 Stone Mining
19:28 Gold Mining
20:37 Bow Saw
20:09 Horse Collar
21:09 Stone Shaft Mining
21:34 Heavy Plow
23:35 Town Watch
JRazzz
3:37 Loom
13:59 Feudal Age
18:18 Castle Age
17:02 Town Watch
19:26 Fletching
21:51 Double-Bit Axe
Astor
7:12 Loom
12:55 Feudal Age
13:50 Town Watch
17:29 Castle Age
16:49 Double-Bit Axe
18:44 Gold Mining
19:35 Scale Barding Armor
19:54 Bloodlines
23:08 Wheelbarrow
DreamStolen
4:17 Loom
13:10 Feudal Age
17:38 Castle Age
17:26 Fletching
19:24 Medium Warships
19:48 Bodkin Arrow
21:31 Horse Collar
Mezsar
4:31 Loom
15:23 Feudal Age
16:39 Wheelbarrow
16:10 Double-Bit Axe
16:04 Man-at-Arms
19:03 Castle Age
17:09 Arson
17:18 Gold Mining
18:47 Fletching
20:38 Medium Warships
20:52 Hand Cart
20:37 Town Watch
22:36 Horse Collar
23:11 Fishing Lines
24:32 Bow Saw
25:57 Thumb Ring
30:21 Imperial Age
cupubangetz
8:21 Loom
13:30 Feudal Age
14:39 Double-Bit Axe
19:20 Castle Age
18:14 Fletching
20:02 Bow Saw
21:40 Wheelbarrow
21:55 Medium Warships
21:26 Fishing Lines
22:35 Gillnets
22:46 Horse Collar
23:20 Bloodlines
23:10 Husbandry
25:21 Heavy Plow
27:25 Hand Cart
28:02 Town Watch
DetectiveYemitoShumafuk
4:44 Loom
12:59 Feudal Age
13:36 Town Watch
14:15 Double-Bit Axe
16:57 Castle Age
15:23 Horse Collar
18:09 Bow Saw
18:15 Heavy Plow
19:15 Wheelbarrow
22:03 Stone Mining
24:48 Stone Shaft Mining
24:32 Gold Mining
26:40 Hand Cart
26:54 Fletching
27:16 Town Patrol
STABYLO
11:06 Loom
13:16 Feudal Age
16:44 Castle Age
14:45 Double-Bit Axe
15:05 Fishing Lines
16:51 Town Watch
19:30 Bow Saw
20:32 Wheelbarrow
21:18 Gillnets
25:11 Horse Collar
27:30 Heavy Plow
28:56 Scale Mail Armor
Connection lost

Rejoining the realm…

Still unreachable

The connection could not be restored.

Session expired

The server has moved on; the page needs a fresh start.